 Dungeon Crawl Stone Soup version 0.25-a0-566-g062765be81 (webtiles) character file.

Game seed: 11438048322876943982, levelgen mode: deterministic

5027 kae the Slicer (level 10, -4/50 HPs)
             Began as a Kobold Enchanter on Feb 27, 2020.
             Was a Believer of Dithmenos.
             Slain by a brown ugly thing (6 damage)
             ... on level 8 of the Dungeon.
             The game lasted 00:11:41 (10644 turns).

kae the Slicer (Kobold Enchanter)                  Turns: 10644, Time: 00:11:41

Health: -4/50      AC:  1    Str:  5    XL:     10   Next: 85%
Magic:  13/20      EV: 15    Int: 20    God:    Dithmenos [**....]
Gold:   421        SH:  0    Dex: 16    Spells: 11/23 levels left

rFire    . . .     SeeInvis +   a - +2 dagger
rCold    + . .     Gourm    .   (shield restricted)
rNeg     . . .     Faith    .   r - +1 robe {rC+}
rPois    .         Spirit   .   (no helmet)
rElec    .         Reflect  .   t - +0 cloak
rCorr    .         Harm     .   u - +0 pair of gloves
MR       .....                  (no boots)
Stlth    ++++++....             (no amulet)
HPRegen  0.16/turn              j - +4 ring of protection
MPRegen  0.17/turn              q - ring of see invisible

@: corroded, wreathed by umbra
A: small, carnivore
a: Shadow Step, Renounce Religion


You were on level 8 of the Dungeon.
You worshipped Dithmenos.
Dithmenos was pleased with you.
You were completely stuffed.

You visited 2 branches of the dungeon, and saw 9 of its levels.

You collected 421 gold pieces.

Inventory:

Hand Weapons
 a - a +2 dagger (weapon)
Armour
 i - a scarf of spirit shield
 r - a +1 robe of cold resistance (worn)
 t - a +0 cloak (worn)
 u - a +0 pair of gloves (worn)
Jewellery
 j - a +4 ring of protection (left hand)
 q - a ring of see invisible (right hand)
Wands
 l - a wand of flame (28)
 w - a wand of paralysis (8)
 y - a wand of polymorph (6)
Scrolls
 c - a scroll of noise
 f - a scroll of fog
 g - 3 scrolls of immolation
 m - a scroll of teleportation
 n - 2 scrolls of identify
 o - 2 scrolls of amnesia
 p - 4 scrolls of remove curse
 s - a scroll of magic mapping
 x - a scroll of blinking
Potions
 e - a potion of flight
 h - a potion of cancellation
 k - 6 potions of stabbing
 v - a potion of degeneration
 z - 2 potions of curing {unknown}
 A - a potion of brilliance
Comestibles
 b - 6 chunks of flesh
 d - 15 rations


   Skills:
 * Level 12.3 Short Blades
 - Level 2.4 Dodging
 + Level 10.5 Stealth
 + Level 7.1 Spellcasting
 + Level 7.5 Hexes


You had 11 spell levels left.
You knew the following spells:

 Your Spells              Type           Power        Failure   Level  Hunger
a - Corona                Hex            #####..      1%          1    None
b - Ensorcelled Hibernat  Hex/Ice        ###...       3%          2    None
c - Confusing Touch       Hex            #####...     1%          3    #......
d - Tukima's Dance        Hex            #####...     1%          3    #......
e - Dazzling Flash        Conj/Hex       ###...       6%          3    #......

Your spell library contained the following spells:

 Spells                   Type           Power        Failure   Level  Hunger


Dungeon Overview and Level Annotations

Branches:
Dungeon (8/15)             Temple (1/1) D:6            Lair (0/6) D:8

Altars:
Ashenzari
Cheibriados
Dithmenos
Elyvilon
Fedhas
Gozag
Hepliaklqana
Kikubaaqudgha
Makhleb
Nemelex Xobeh
Okawaru
Qazlal
Ru
Sif Muna
Trog
Uskayaw
Vehumet
Wu Jian
Xom
Yredelemnul
Zin
The Shining One

Shops:
D:5 }


Innate Abilities, Weirdness & Mutations

You are small and have problems with some larger weapons.
You are carnivorous and can eat meat at any time.


Message History

The acid corrodes you!
You are splashed with acid.
* * * LOW HITPOINT WARNING * * *
You hit the brown ugly thing but do no damage.
The brown ugly thing appears confused.
You barely miss the brown ugly thing. The brown ugly thing gores you.
* * * LOW HITPOINT WARNING * * *
The acid corrodes you!
You are splashed with acid.
* * * LOW HITPOINT WARNING * * *
You hit the brown ugly thing but do no damage.
You catch the helpless brown ugly thing completely off-guard!
You impale the brown ugly thing!!
The brown ugly thing is heavily wounded.
The brown ugly thing misses you.
You hit the brown ugly thing but do no damage.
The brown ugly thing is heavily wounded.
You hit the brown ugly thing but do no damage.
The brown ugly thing is heavily wounded.
The brown ugly thing gores you.
You die...

..........##.......u.##.#........
...........#.###.###.##.##.......
...........###.....###.#.#.......
............#(....()##.#.##......
.......##...##..#..##.###c#......
.......##....#..#..##u#y#H##.....
.......#..<#.##...##.##Z##.#.....
.....#......รท.#.u.##.#%.?#.##..#.
.....#...#....##@##.###.###.#.##.
..#..#..###....#.##.ou.Z...c#.##.
..##....#.#....##############....
.###.............................
.........<.......................
....................##...........
.....<..............#............
..[.................##...........
...............................##


You could see a brown ugly thing (confused).

Vanquished Creatures
  A centaur warrior (D:8)
  Pikel (D:4)
  A troll (D:8)
  Grinder (D:3)
  A hippogriff (D:8)
  A shadow (D:8)
  Sigmund (D:7)
  An orc warrior (D:5)
  2 black bears
  2 phantoms
  2 sky beasts
  4 slaves (D:4)
  An ice beast (D:8)
  2 ogres
  A necrophage (D:7)
  4 centaurs
  Blork the orc (D:6)
  3 bullfrogs (D:8)
  A wyvern skeleton (D:8)
  A killer bee (D:8)
  4 howler monkeys
  A crimson imp (D:6)
  6 hounds
  A quasit (D:6)
  2 bullfrog zombies
  2 bullfrog skeletons (D:8)
  An orc priest (D:8)
  Crazy Yiuf (D:6)
  A centaur skeleton (D:8)
  2 iguanas
  Natasha (D:3)
  Terence (D:3)
  8 orc wizards
  7 worker ants
  3 hound zombies
  2 hound skeletons
  3 gnolls (D:4)
  7 adders
  2 shadow imps (D:7)
  6 oozes
  An adder skeleton (D:7)
  4 worms
  2 dart slugs
  6 leopard geckos
  25 orcs
  2 ball pythons
  2 giant cockroaches
  10 goblins
  4 hobgoblins
  3 jackals (D:7)
  7 quokkas
  10 bats
  8 frilled lizards
  A jackal skeleton (D:6)
  A jackal zombie (D:7)
  2 kobolds
  A leopard gecko zombie (D:8)
  3 rats
185 creatures vanquished.

Vanquished Creatures (others)
  A kobold (D:2)
1 creature vanquished.

Grand Total: 186 creatures vanquished

Notes
Turn   | Place    | Note
-------+----------+-------------------------------------------
     0 | D:1      | kae the Kobold Enchanter began the quest for the Orb.
     0 | D:1      | Reached XP level 1. HP: 10/10 MP: 3/3
   265 | D:1      | Reached skill level 2 in Short Blades
   265 | D:1      | Reached XP level 2. HP: 11/15 MP: 3/5
   272 | D:1      | Learned a level 2 spell: Ensorcelled Hibernation
   551 | D:1      | Reached XP level 3. HP: 15/19 MP: 6/6
  1396 | D:2      | Reached skill level 3 in Short Blades
  1396 | D:2      | Reached XP level 4. HP: 24/24 MP: 7/7
  2077 | D:2      | Found a white marble altar of Elyvilon.
  2460 | D:3      | Noticed Grinder
  2481 | D:2      | Learned a level 3 spell: Confusing Touch
  2538 | D:3      | HP: 1/24 [Grinder/nerve-wracking pain (8)]
  2540 | D:3      | Paralysed by Grinder for 2 turns
  3046 | D:3      | Paralysed by Grinder for 6 turns
  3068 | D:3      | Killed Grinder
  3068 | D:3      | Reached skill level 5 in Short Blades
  3068 | D:3      | Reached skill level 5 in Stealth
  3068 | D:3      | Reached XP level 5. HP: 7/28 MP: 2/10
  3068 | D:3      | Reached XP level 6. HP: 8/32 MP: 2/11
  3582 | D:3      | Noticed Natasha
  3587 | D:3      | Killed Natasha
  3864 | D:3      | Noticed Terence
  3912 | D:3      | Killed Terence
  3912 | D:3      | Reached XP level 7. HP: 15/36 MP: 1/12
  4502 | D:4      | Reached skill level 6 in Short Blades
  4974 | D:4      | Noticed Pikel
  5139 | D:4      | Killed Pikel
  5139 | D:4      | Reached skill level 7 in Short Blades
  5139 | D:4      | Reached skill level 5 in Hexes
  5139 | D:4      | Reached XP level 8. HP: 20/41 MP: 10/14
  5628 | D:5      | Entered Level 5 of the Dungeon
  5703 | D:4      | Reached skill level 8 in Short Blades
  6651 | D:5      | Reached skill level 5 in Spellcasting
  6651 | D:5      | Reached XP level 9. HP: 45/45 MP: 13/16
  6834 | D:5      | Reached skill level 9 in Short Blades
  7060 | D:5      | Found Piatzebu's Gadget Boutique.
  7508 | D:6      | Found a staircase to the Ecumenical Temple.
  7648 | Temple   | Entered the Ecumenical Temple
  7843 | Temple   | Became a worshipper of Dithmenos the Shadowed
  8005 | D:6      | Learned a level 3 spell: Tukima's Dance
  8009 | D:6      | Learned a level 3 spell: Dazzling Flash
  8053 | D:6      | Found a shattered altar of Ashenzari.
  8098 | D:6      | Noticed Blork the orc
  8270 | D:6      | Killed Blork the orc
  8452 | D:6      | Found a runed translucent door.
  8453 | D:6      | Noticed Crazy Yiuf
  8494 | D:6      | Reached skill level 10 in Short Blades
  8644 | D:6      | Noticed Sigmund
  8810 | D:6      | Killed Crazy Yiuf
  8888 | D:7      | Killed Sigmund
  8951 | D:7      | Reached * piety under Dithmenos
  9381 | D:7      | Reached XP level 10. HP: 50/50 MP: 19/19
  9889 | D:8      | Found a staircase to the Lair.
 10162 | D:8      | Reached skill level 11 in Short Blades
 10372 | D:8      | Reached ** piety under Dithmenos
 10517 | D:8      | Reached skill level 10 in Stealth
 10607 | D:8      | Noticed a brown ugly thing
 10607 | D:8      | Noticed a brown ugly thing
 10607 | D:8      | Noticed a centaur warrior
 10620 | D:8      | Killed a centaur warrior
 10620 | D:8      | Reached skill level 12 in Short Blades
 10640 | D:8      | HP: 1/50 [acid (6)]
 10644 | D:8      | Slain by a brown ugly thing

Levels and vault maps discovered:
D:1:      lightli_arrival_statue_moat, layout_rooms
D:2:      layout_loops_ring, lemuel_coloured_pillars_altar, minmay_unequal
D:3:      layout_basic, first_ration, minmay_cupped, uniq_grinder, uniq_terence,
          uniq_natasha
D:4:      layout_cave_pools, moated_statue, corexii_leaking_fountain, uniq_pikel
D:5:      layout_loops_cross, serial_shops, kennysheep_mini
D:6:      layout_basic, minmay_temple_entry_drinking_statues,
          evilmike_ruin_ashenzari, uniq_crazy_yiuf_cottage, uniq_sigmund,
          uniq_blork_the_orc
D:7:      layout_basic
D:8:      minmay_the_grid_triangle_9x9_rhombus_thin
          [minmay_the_grid_triangle_9x9_dagger,
          minmay_the_grid_triangle_9x9_prize_top_heavy,
          minmay_the_grid_triangle_9x9_sparse_checkered,
          minmay_the_grid_triangle_9x9_alien], layout_cave_pools
Temple:   minmay_crystal_snake_temple

Skill      XL: |  1  2  3  4  5  6  7  8  9 10 |
---------------+-------------------------------+-----
Short Blades   | 2 3 5 7 8 10 12 | 12.3
Stealth        | 5 7 9 10 | 10.5
Spellcasting   | 3 4 5 6 7 |  7.1
Hexes          | 4 5 6 7 |  7.5
Dodging        | |  2.4

Action                   |  1- 3 |  4- 6 |  7- 9 | 10-12 || total
-------------------------+-------+-------+-------+-------++-------
Melee: Dagger            |   100 |   216 |   490 |   106 ||   912
 Cast: Corona            |     2 |     4 |     2 |       ||     8
       Ensorcelled Hiber |     6 |    20 |   107 |    15 ||   148
       Confusing Touch   |       |     7 |     7 |     3 ||    17
       Dazzling Flash    |       |       |     1 |       ||     1
  Use: Scroll            |       |     5 |     8 |     1 ||    14
       Potion            |       |     1 |     5 |       ||     6
 Stab: Sleeping          |     9 |    13 |    63 |    26 ||   111
       Confused          |       |     4 |     8 |     3 ||    15
       Distracted        |       |       |     1 |       ||     1
  Eat: Chunk             |    10 |    10 |    19 |     4 ||    43
Armor: Robe              |    21 |    45 |   136 |    15 ||   217
Dodge: Dodged            |    75 |   140 |   320 |    40 ||   575

Table legend:
 A = Non-vault XP
 B = Vault XP
 C = Vault XP percentage of total XP
 D = Non-vault monster count
 E = Vault monster count
 F = Vault count percentage of total count
                 A         B        C        D         E       F
            +---------+---------+-------+---------+---------+-------
      Total |    3560 |    3622 |  50.4 |     159 |      23 |  12.6
            +---------+---------+-------+---------+---------+-------
        D:1 |      50 |       0 |   0.0 |      19 |       0 |   0.0
        D:2 |      52 |       2 |   3.7 |      23 |       2 |   8.0
        D:3 |      79 |     353 |  81.7 |      11 |       5 |  31.2
        D:4 |     613 |     641 |  51.1 |      33 |       1 |   2.9
        D:5 |     574 |       0 |   0.0 |      14 |       0 |   0.0
        D:6 |     647 |     134 |  17.2 |      21 |       2 |   8.7
        D:7 |     570 |     205 |  26.5 |      20 |       1 |   4.8
        D:8 |     975 |    2287 |  70.1 |      18 |      12 |  40.0
            +---------+---------+-------+---------+---------+-------
